 Dungeon Crawl Stone Soup version 0.16-b1 (webtiles) character file.

382 timbw the Slasher (level 6, 0/32 HPs)
             Began as a Vine Stalker Abyssal Knight on Mar 13, 2015.
             Was a Follower of Lugonu.
             Slain by a small abomination (8 damage)
             ... on level 1 of the Abyss.
             The game lasted 00:01:08 (118 turns).

timbw the Slasher (Vine Stalker Abyssal Knight)      Turns: 118, Time: 00:01:08

Health: 0/32       AC:  3    Str: 14    XL:     6   Next: 76%
Magic:  0/7        EV: 11    Int: 12    God:    Lugonu [*.....]
Gold:   0          SH:  0    Dex: 16    Spells: 0 memorised, 5 levels left

rFire  . . .     SeeInvis .     a - +1 falchion
rCold  . . .     Clarity  +     b - +0 leather armour
rNeg   . . .     SustAb   .     (no shield)
rPois  .         Gourm    .     (no helmet)
rElec  .         Spirit   +     (no cloak)
rCorr  .         Warding  .     (no gloves)
rMut   .         Stasis   .     (no boots)
MR     .....                    (no amulet)
Stlth  +.........               (no ring)
                                (no ring)

@: not resistant to hostile enchantments, very unstealthy
A: fangs 2, berserk 1, blurry vision 1, clarity, low mp 2, regeneration 2, magic
shield, antimagic bite, no device heal 3, rot immunity, MP-powered wands 1
a: Depart the Abyss, Renounce Religion


You were on level 1 of the Abyss.
You worshipped Lugonu.
Lugonu was aware of your devotion.
You were not hungry.

You visited 0 branches of the dungeon, and saw 0 of its levels.
You visited the Abyss 1 time.

Inventory:

Hand weapons
 a - a +1 falchion (weapon)
Armour
 b - a +0 leather armour (worn)
Comestibles
 c - a bread ration
 d - a meat ration


   Skills:
 - Level 2.6 Fighting
 + Level 6.3 Long Blades
 - Level 1.5 Armour
 - Level 0.7 Dodging
 - Level 1.7 Invocations


You had 5 spell levels left.
You didn't know any spells.

Dungeon Overview and Level Annotations

Branches:
Dungeon (0/15)

Altars:


Innate Abilities, Weirdness & Mutations

You have extremely sharp teeth.
You heal very quickly.
When hurt, damage is shared between your health and your magic reserves.
Your bite disrupts and absorbs the magic of your enemies.
Potions and wands cannot restore your health.
You are immune to rotting.
You tend to lose your temper in combat.
Scrolls take you a little longer to read.
You possess an exceptional clarity of mind.
Your magical capacity is very low (-20% MP).
You expend magic power (3 MP) to slightly strengthen your wands.


Message History

You hit the small abomination.
The small abomination is severely damaged.
The small abomination misses you.
You hit the small abomination but do no damage.
The small abomination is severely damaged.
The small abomination hits you but does no damage.
You closely miss the small abomination.
The small abomination is severely damaged.
The small abomination closely misses you.
The small abomination hits you.
You hit the small abomination but do no damage.
The small abomination is severely damaged.
The small abomination hits you!!
* * * LOW HITPOINT WARNING * * *
The small abomination completely misses you.
Unknown command.
You hit the small abomination. Your bite misses the small abomination.
The small abomination is almost destroyed.
The small abomination hits you!
You die...

... #. # #
#...###.#.# #..
...#.## #
##..##...# .. # .
..#.# #.. #
#.#.##..##..##
######..##..# . #
#.x#..............
#@x##..... ... .
##.#..##..##..#
###..##..##.. #
##x. ..X.....
#......X...
..##..##..##
.##..##..# ...
....... #..


You could see 2 small abominations.

Vanquished Creatures
  A shining eye (Abyss:1)
1 creature vanquished.

Notes
Turn   | Place    | Note
--------------------------------------------------------------
     0 | Abyss:1  | timbw, the Vine Stalker Abyssal Knight, began the quest for the Orb.
     0 | Abyss:1  | Reached XP level 1. HP: 11/11 MP: 1/1
    73 | Abyss:1  | Noticed a shining eye
    75 | Abyss:1  | Gained mutation: You tend to lose your temper in combat. [a shining eye]
    80 | Abyss:1  | Gained mutation: You possess an exceptional clarity of mind. [a shining eye]
    83 | Abyss:1  | Gained mutation: Your magical capacity is low (-10% MP). [a shining eye]
    84 | Abyss:1  | Gained mutation: You expend magic power (3 MP) to slightly strengthen your wands. [a shining eye]
    86 | Abyss:1  | Gained mutation: Scrolls take you a little longer to read. [a shining eye]
    88 | Abyss:1  | Gained mutation: Your magical capacity is very low (-20% MP). [a shining eye]
    91 | Abyss:1  | Killed a shining eye
    91 | Abyss:1  | Reached skill level 6 in Long Blades
    91 | Abyss:1  | Reached XP level 2. HP: 16/16 MP: 2/2
    91 | Abyss:1  | Reached XP level 3. HP: 19/19 MP: 3/3
    91 | Abyss:1  | Reached XP level 4. HP: 23/23 MP: 4/4
    91 | Abyss:1  | Reached XP level 5. HP: 27/27 MP: 6/6
    91 | Abyss:1  | Gained mutation: You heal very quickly. [vine stalker growth]
    91 | Abyss:1  | Reached XP level 6. HP: 32/32 MP: 7/7
   105 | Abyss:1  | Noticed a starcursed mass
   111 | Abyss:1  | Noticed a small abomination
   118 | Abyss:1  | Slain by a small abomination

Action                   |  1- 3 |  4- 6 || total
-------------------------+-------+-------++-------
Melee: Falchion          |    17 |     6 ||    23
  Use: Scroll            |     3 |       ||     3
